 Dungeon Crawl Stone Soup version 0.21.1-1-g345015f (webtiles) character file.

5695 nicolaieve the Basher (level 10, -6/90 HPs)
             Began as a Minotaur Berserker on July 31, 2018.
             Was an Elder of Trog.
             Mangled by an elephant (7 damage)
             ... on level 9 of the Dungeon.
             The game lasted 00:24:32 (5785 turns).

nicolaieve the Basher (Minotaur Berserker)          Turns: 5785, Time: 00:24:33

Health: -6/90      AC: 16    Str: 22    XL:     10   Next: 47%
Magic:  9/9        EV: 10    Int:  4    God:    Trog [****..]
Gold:   422        SH:  0    Dex: 13    Spells: 9/9 levels left

rFire    . . .     SeeInvis +   J - +2 whip (flame)
rCold    . . .     Gourm    .   (no shield)
rNeg     + . .     Faith    .   A - +0 plate armour
rPois    .         Spirit   .   (helmet restricted)
rElec    .         Reflect  .   (no cloak)
rCorr    .         Harm     .   (no gloves)
MR       ++...                  p - +0 pair of boots
Stlth    ..........             (no amulet)
HPRegen  1.25/turn              o - ring of see invisible
MPRegen  0.11/turn              j - ring of positive energy

@: berserk cooldown, regenerating, slowed, very slow
A: retaliatory headbutt, horns 2
a: Berserk, Trog's Hand, Brothers in Arms, Burn Spellbooks, Renounce Religion


You were on level 9 of the Dungeon.
You worshipped Trog.
Trog was greatly pleased with you.
You were very hungry.

You visited 1 branch of the dungeon, and saw 9 of its levels.

You collected 422 gold pieces.

Inventory:

Hand Weapons
 J - a +2 whip of flaming (weapon)
Armour
 p - a +0 pair of boots (worn)
 A - a +0 plate armour (worn)
Jewellery
 j - a ring of positive energy (right hand)
 k - an uncursed ring of protection from fire
 o - a ring of see invisible (left hand)
 v - a +1 ring of protection
Wands
 t - a wand of scattershot (5)
 E - a wand of enslavement (14)
Scrolls
 b - 3 scrolls of enchant armour {unknown}
 d - 6 scrolls of identify {unknown}
 e - 5 scrolls of teleportation {unknown}
 h - 2 scrolls of blinking {unknown}
 l - a scroll of holy word {unknown}
 m - 2 scrolls of amnesia {unknown}
 n - 3 scrolls of immolation {unknown}
 w - 2 scrolls of remove curse {unknown}
 y - a scroll of fog {unknown}
 D - a scroll of brand weapon {unknown}
 G - a scroll of enchant weapon {unknown}
 H - a scroll of magic mapping {unknown}
 I - a scroll of fear {unknown}
Potions
 a - a potion of might {unknown}
 f - 2 potions of lignification {unknown}
 g - 3 potions of brilliance {unknown}
 i - 8 potions of curing {unknown}
 q - 2 potions of degeneration {unknown}
 r - a potion of haste {unknown}
 s - a potion of invisibility {unknown}
 x - 2 potions of mutation {unknown}
 z - 3 potions of cancellation {unknown}
 B - 2 potions of magic {unknown}
 C - a potion of agility {unknown}
 F - a potion of berserk rage {unknown}
Comestibles
 c - 15 rations
 u - 9 chunks of flesh


   Skills:
 + Level 8.8 Fighting
 - Level 12.0 Maces & Flails
 + Level 10.2 Armour
 * Level 7.0 Dodging


You had 9 spell levels left.
You didn't know any spells.

Dungeon Overview and Level Annotations

Branches:
Dungeon (9/15)             Temple (0/1) D:4            Lair (0/6) D:9
    Orc: D:9-12

Altars:
Elyvilon
Fedhas
Makhleb
Qazlal
Sif Muna
Trog


Innate Abilities, Weirdness & Mutations

You reflexively headbutt those who attack you in melee.
You have a pair of horns on your head.


Message History

The elephant trunk-slaps you but does no damage.
The yak gores you!
* * * LOW HITPOINT WARNING * * *
The hippogriff bites you but does no damage.
The hippogriff pecks you but does no damage.
The hippogriff claws you but does no damage.
You turn to flesh and can move again.
Your skin crawls.
You feel resistant to hostile enchantments.
You feel somewhat more hungry. The elephant tramples you.
* * * LOW HITPOINT WARNING * * *
You hold your ground!
The elephant trunk-slaps you but does no damage.
The hippogriff bites you.
* * * LOW HITPOINT WARNING * * *
The hippogriff pecks you.
* * * LOW HITPOINT WARNING * * *
The hippogriff claws you but does no damage.
The yak closely misses you. The elephant tramples you!
You die...

####.#####.##.
#.# ... #.#
##. #†###
#Y.(# #†#.##
##)..##
##Y....##
#@H..P..#
#YY...P.#
.........#
..........#
#.....>.....#
##!.........#
#..........
##.P...P.#


You could see an elephant, a hippogriff and 2 yaks.

Vanquished Creatures
  The ghost of lokyar the Carver, a novice DrMo of Okawaru (D:7)
  Pikel (D:8)
  The ghost of troglodite the Skirmisher, a novice DsBe of Trog (D:5)
  A hippogriff (D:8)
  2 yaks (D:9)
  2 basilisks (D:9)
  Duvessa (D:5)
  A water moccasin (D:7)
  2 orc warriors
  4 ice beasts
  A phantom (D:6)
  2 black bears (D:8)
  8 ogres
  3 sky beasts
  3 slaves (D:8)
  A necrophage (D:8)
  A crocodile (D:8)
  A bullfrog (D:6)
  Dowan (D:5)
  A wyvern skeleton (D:8)
  2 scorpions (D:4)
  4 killer bees (D:7)
  3 howler monkeys (D:7)
  2 crimson imps (D:7)
  A centaur zombie (D:5)
  A hound (D:4)
  5 orc priests
  2 iguanas
  A gnoll shaman (D:7)
  Ijyb (D:4)
  Jessica (D:3)
  2 bullfrog skeletons
  Natasha (twice) (D:3)
  6 orc wizards
  A hound zombie (D:7)
  2 hound skeletons
  A worker ant zombie (D:5)
  7 gnolls
  10 adders
  A howler monkey skeleton (D:4)
  A shadow imp (D:7)
  2 worms (D:3)
  3 dart slugs
  3 leopard geckos
  32 orcs
  A ball python (D:8)
  4 giant cockroaches
  4 goblins
  3 hobgoblins
  3 jackals
  4 kobolds
  4 quokkas
  2 bats (D:3)
  6 frilled lizards
  A leopard gecko skeleton (D:4)
  A leopard gecko zombie (D:5)
  3 rats
170 creatures vanquished.

Vanquished Creatures (others)
  A fungus (D:9)
1 creature vanquished.

Grand Total: 171 creatures vanquished

Notes
Turn   | Place    | Note
-------+----------+-------------------------------------------
     0 | D:1      | nicolaieve the Minotaur Berserker began the quest for the Orb.
     0 | D:1      | Reached XP level 1. HP: 19/19 MP: 0/0
    79 | D:1      | Reached skill level 4 in Maces & Flails
   106 | D:1      | Reached XP level 2. HP: 10/26 MP: 1/1
   882 | D:2      | Found a deep blue altar of Sif Muna.
  1051 | D:2      | Found a blossoming altar of Fedhas.
  1116 | D:3      | Reached skill level 5 in Maces & Flails
  1176 | D:3      | Reached XP level 3. HP: 26/31 MP: 2/2
  1320 | D:3      | Reached ** piety under Trog
  1443 | D:3      | Reached skill level 6 in Maces & Flails
  1443 | D:3      | Reached XP level 4. HP: 36/39 MP: 3/3
  1540 | D:3      | Noticed Jessica
  1546 | D:3      | Killed Jessica
  1760 | D:3      | Noticed Natasha
  1768 | D:3      | Reached XP level 5. HP: 45/45 MP: 4/4
  1773 | D:3      | Killed Natasha
  1773 | D:3      | Reached skill level 7 in Maces & Flails
  1879 | D:3      | Noticed Natasha
  1884 | D:3      | Killed Natasha
  2004 | D:4      | Noticed an ogre
  2008 | D:4      | Noticed an ogre
  2011 | D:4      | Reached skill level 8 in Maces & Flails
  2014 | D:4      | Killed an ogre
  2014 | D:4      | Reached XP level 6. HP: 35/51 MP: 5/5
  2019 | D:4      | Reached skill level 9 in Maces & Flails
  2240 | D:4      | Reached XP level 7. HP: 34/57 MP: 6/6
  2318 | D:4      | Reached skill level 10 in Maces & Flails
  2339 | D:4      | Noticed Ijyb
  2346 | D:4      | Killed Ijyb
  2422 | D:4      | Reached *** piety under Trog
  2472 | D:4      | Found a staircase to the Ecumenical Temple.
  2687 | D:5      | Entered Level 5 of the Dungeon
  2944 | D:5      | Noticed troglodite's ghost (novice DsBe)
  2962 | D:5      | Reached skill level 11 in Maces & Flails
  2970 | D:5      | Killed troglodite's ghost
  2970 | D:5      | Reached skill level 12 in Maces & Flails
  2970 | D:5      | Reached XP level 8. HP: 64/64 MP: 7/7
  3005 | D:5      | Noticed Duvessa
  3009 | D:5      | Noticed Dowan
  3140 | D:5      | Killed Duvessa
  3142 | D:5      | Killed Dowan
  3448 | D:5      | Found a stormy altar of Qazlal.
  3783 | D:6      | Reached skill level 5 in Armour
  3848 | D:6      | Found a burning altar of Makhleb.
  4068 | D:6      | Found a bloodstained altar of Trog.
  4077 | D:6      | Reached skill level 5 in Fighting
  4149 | D:7      | Reached XP level 9. HP: 64/74 MP: 8/8
  4191 | D:7      | Reached **** piety under Trog
  4402 | D:7      | Noticed lokyar's ghost (novice DrMo)
  4431 | D:7      | Killed lokyar's ghost
  4431 | D:7      | Reached skill level 5 in Dodging
  5350 | D:8      | Reached XP level 10. HP: 49/86 MP: 9/9
  5487 | D:8      | Noticed Pikel
  5512 | D:8      | Killed Pikel
  5689 | D:9      | Found a white marble altar of Elyvilon.
  5752 | D:9      | Noticed an elephant
  5762 | D:9      | Reached skill level 10 in Armour
  5772 | D:9      | Found a staircase to the Lair.
  5785 | D:9      | HP: 1/90 [hippogriff (6)]
  5785 | D:9      | Mangled by an elephant

Skill      XL: |  1  2  3  4  5  6  7  8  9 10 |
---------------+-------------------------------+-----
Maces & Flails | 4 5 6 8 9 12 | 12.0
Fighting       | 5 7 8 |  8.8
Armour         | 5 8 10 | 10.2
Dodging        | 4 6 7 |  7.0

Action                   |  1- 3 |  4- 6 |  7- 9 | 10-12 || total
-------------------------+-------+-------+-------+-------++-------
Melee: Mace              |    83 |       |       |       ||    83
       Headbutt          |    13 |    14 |   104 |    31 ||   162
       Whip              |     9 |    91 |   426 |    92 ||   618
Invok: Burn Spellbooks   |       |     3 |     1 |       ||     4
       Berserk           |       |     5 |     7 |     3 ||    15
       Trog's Hand       |       |     1 |     1 |     1 ||     3
  Eat: Chunk             |     2 |     8 |    13 |     3 ||    26
       Ration            |       |       |     1 |       ||     1
Armor: Animal skin       |     5 |       |       |       ||     5
       Chain mail        |    33 |    35 |    41 |       ||   109
       Plate armour      |       |       |    93 |    71 ||   164
Dodge: Dodged            |    54 |    31 |    95 |    29 ||   209
